 Dungeon Crawl Stone Soup version 0.31.0-32-g396128a36d (webtiles) character file.

Game seed: 12645094829582797446

42962 Alphaeus the Mimic (level 13, -6/192 HPs)
             Began as a Troll Shapeshifter on Mar 18, 2024.
             Was the Champion of Dithmenos.
             Mangled by a warg (8 damage)
             ... led by Saint Roka
             ... on level 2 of the Orcish Mines.
             The game lasted 00:45:11 (13856 turns).

Alphaeus the Mimic (Troll Shapeshifter)            Turns: 13856, Time: 00:45:12

Health: -6/192     AC: 30    Str: 29    XL:     13   Next: 88%
Magic:  0/12       EV:  1    Int:  6    God:    Dithmenos [******]
Gold:   1491       SH:  0    Dex:  9    Spells: 12/12 levels left

rFire   . .          .
                       - Unarmed
rCold   . . .        (no shield)
rNeg    . . .        n - melded +2 robe {Will+}
rPois   +            W - melded +0 hat {SInv}
rElec   .            (cloak currently unavailable)
rCorr   .            (gloves unavailable)
SInv    .            (boots unavailable)
Will    .....        q - amulet of guardian spirit
Stlth   ++++         h - ring of poison resistance
HPRegen 1.32/turn    a - ring of Xom's Best Wishes {AC+4 Slay+2}
MPRegen 0.13/turn

%: guardian spirit
@: tree-form, hasted, wreathed by umbra, very quick
A: stationary, stasis, torment immunity, boosted hp, large, unfitting armour,
(claws 3), regeneration 1, (shaggy fur 1), (tough skin 1)
a: Renounce Religion, Shadow Step, Shadow Form


You were on level 2 of the Orcish Mines.
You worshipped Dithmenos.
Dithmenos was exalted by your worship.
You were a tree.
You visited 3 branches of the dungeon, and saw 17 of its levels.
You also visited: Bailey.

You collected 2975 gold pieces.
You spent 1484 gold pieces at shops.

Inventory:

Missiles
 p - 8 datura-tipped darts
 K - a throwing net (quivered)
 R - 2 large rocks
Armour
 n - a +2 robe of willpower (melded)
 w - the orb of Lust {mayhem, rC+ rN+ Will- Conj}
   (You found it on level 4 of the Dungeon)

   rC+:       It protects you from cold.
   rN+:       It protects you from negative energy.
   Will-:     It decreases your willpower.
   Conj:      It increases the power of your Conjurations spells.
 T - +0 acid dragon scales
 V - a +1 kite shield of reflection
 W - a +0 hat of see invisible (melded)
Jewellery
 a - the ring of Xom's Best Wishes (right branch) {AC+4 Slay+2}
   (You bought it in a shop on level 1 of the Orcish Mines)

   [ring of protection]

   AC+4:      It affects your AC (+4).
   Slay+2:    It affects your accuracy & damage with ranged weapons and melee
   (+2).
 h - a ring of poison resistance (left branch)
 k - a ring of protection from cold
 q - an amulet of guardian spirit (around neck)
 s - a +5 ring of evasion
 F - a ring of positive energy
 H - an amulet of magic regeneration
 L - a +4 ring of slaying
 M - a ring of magical power
 Z - an amulet of reflection
Talismans
 b - a blade talisman (active)
 c - a beast talisman
 d - a flux talisman
 e - a serpent talisman
Wands
 y - a wand of charming (12)
 z - a wand of flame (30)
 G - a wand of roots (8)
 I - a wand of mindburst (17)
 X - a wand of acid (3)
 Y - a wand of polymorph (4)
Scrolls
 f - 5 scrolls of enchant armour
 r - a scroll of fog
 A - 3 scrolls of teleportation
 B - a scroll of torment
 C - a scroll of vulnerability
 N - a scroll of blinking
 P - a scroll of amnesia
 S - 4 scrolls of enchant weapon
Potions
 g - 2 potions of resistance
 m - 2 potions of mutation
 x - 3 potions of enlightenment
 D - 3 potions of attraction
 E - 4 potions of magic
 Q - a potion of lignification


   Skills:
 + Level 8.7 Fighting
 * Level 9.9 Dodging
 + Level 4.8 Stealth
 - Level 10.0 Unarmed Combat
 * Level 13.8 Shapeshifting


You had 12 spell levels left.
You didn't know any spells.
Your spell library contained the following spells:

 Spells                   Type           Power      Damage    Failure   Level
 Freeze                   Ice            0%         1d3       45%         1
 Kiss of Death            Conj/Necr      0%         2d5       45%         1
 Slow                     Hex            0%         N/A       45%         1
 Sting                    Conj/Alch      0%         1d3       45%         1
 Blink                    Tloc           0%         N/A       58%         2
 Lesser Beckoning         Tloc           0%         N/A       58%         2
 Mercury Vapours          Alch/Air       0%         N/A       58%         2
 Momentum Strike          Conj/Tloc      0%         3d8       58%         2
 Sublimation of Blood     Necr           0%         N/A       58%         2
 Call Canine Familiar     Summ           0%         N/A       83%         3
 Confusing Touch          Hex            0%         N/A       83%         3
 Frozen Ramparts          Ice            0%         1d1       83%         3
 Hailstorm                Conj/Ice       0%         3d5       83%         3
 Inner Flame              Hex/Fire       0%         N/A       83%         3
 Sigil of Binding         Hex            0%         N/A       83%         3
 Vampiric Draining        Necr           0%         2d6       83%         3
 Dimensional Bullseye     Hex/Tloc       0%         N/A       99%         4
 Dispel Undead            Necr           0%         3d6       99%         4
 Flame Wave               Conj/Fire      0%         2d4       99%         4
 Leda's Liquefaction      Alch/Erth      0%         N/A       99%         4
 Olgreb's Toxic Radiance  Alch           0%         N/A       99%         4
 Petrify                  Alch/Erth      0%         N/A       99%         4
 Sticky Flame             Fire/Alch      0%         2d4       99%         4
 Irradiate                Conj/Alch      0%         3d11      100%        5
 Metabolic Englaciation   Hex/Ice        0%         N/A       100%        5


Dungeon Overview and Level Annotations

Branches:
Dungeon (13/15)            Temple (0/1) D:6            Lair (2/5) D:11
  Swamp (0/4) Lair:2          Orc (2/2) D:9             Elf (0/3) Orc:2
 Bailey (visited)
  Snake: Lair:2-3    Spider: Lair:2-3    Vaults: D:13-14

Altars:
Ashenzari
Dithmenos
Hepliaklqana
Kikubaaqudgha
Nemelex Xobeh
Okawaru

Shops:
D:1 :   D:7 :   Orc:1 =[=(   Orc:2 :[(*

Portals:
Trove: D:10 (show slimy rune of Zot)


Innate Abilities, Weirdness & Mutations

You are a tree.
Your roots penetrate the ground, keeping you stationary.
You cannot be teleported.
You are immune to unholy pain and torment.
Your maximum health is greatly increased.
Your equipment is partially melded.
You are too large for most types of armour.
((You have claws for hands.))
Your natural rate of healing is unusually fast.
((You are covered in fur. (AC +1)))
((You have tough skin. (AC +1)))


Message History

* * * LOW HITPOINT WARNING * * *
The orc warrior hits you but does no damage.
The orc hits you but does no damage.
Your orc wizard closely misses the warg.
The warg barely misses you.
Your life force feels restored.
Okay, then.
Okay, then.
Okay, then.
Okay, then.
You barely miss the orc warrior.
The orc warrior is heavily wounded.
Your shadow barely misses the orc warrior.
The orc warrior hits you but does no damage.
The warg bites you but does no damage.
The orc warrior hits you but does no damage.
Your orc wizard hits the warg with a +0 dagger.
The orc hits you but does no damage.
You smack the orc warrior!
Your punch misses the orc warrior.
The orc warrior is almost dead.
Your shadow hits the orc warrior but does no damage.
The warg bites you but does no damage.
The orc warrior hits you with a +0 battleaxe.
* * * LOW HITPOINT WARNING * * *
The orc warrior hits you but does no damage.
You closely miss the orc warrior.
The orc warrior is almost dead.
Your orc wizard dissolves into shadows!
The warg bites you but does no damage. The orc hits you with a +0 club.
* * * LOW HITPOINT WARNING * * *
The orc warrior hits you but does no damage.
You smack the orc warrior!
You kill the orc warrior!
Dithmenos accepts your kill. The warg bites you!
* * * LOW HITPOINT WARNING * * *
The orc warrior hits you but does no damage.
The orc hits you but does no damage.
It was a potion of haste.
You feel yourself speed up. The warg bites you!
You die...

,,,,...........#..'....### ###..
,,,,........)..#..#(#....####.)..
,,,,...........#..#..P....#......
,,,,...........##'#...#.......#..
,,,,......................#.##...
**,,...........)#...#'##..#####..
,,,,.......).....P..#..#..## ####
,,,,,........).h)$#(#..#...###.##
,,,,,..........o♣)..'..#..#.#....
,,,,,..........o..$)####.........
,,,,,....................#.......
,,,,,................)......#.#..
*,,*,#......................##...
,,,,,,,,,...................#....
,,,,,,,,,................#.......
,,,,,,,,,.................#......
,,,,,,,,,......).............###.


You could see a warg, an orc warrior (strong) and an orc (strong).

Vanquished Creatures
  Saint Roka (Orc:2)
  Jorgrun (Orc:1)
  Gastronok (Orc:1)
  3 boulder beetles
  4 ogre magi (Orc:2)
  12 two-headed ogres
  Sonja (Orc:1)
  A bog body (Lair:2)
  An arcanist (D:13)
  2 orc sorcerers
  6 elephants (Lair:1)
  A cyclops (D:11)
  A black mamba (Lair:2)
  A kobold blastminer (Orc:2)
  6 cane toads
  Maggie (Lair:1)
  A rime drake (Lair:2)
  An unseen horror (D:11)
  2 komodo dragons (Lair:1)
  4 trolls
  A polar bear (Lair:2)
  Prince Ribbit (D:7)
  5 blink frogs (Lair:2)
  18 yaks
  6 wyverns
  5 slime creatures (D:12)
  2 shadows
  A water elemental (D:11)
  2 wraiths
  A basilisk (Lair:2)
  2 vampire mosquitoes (D:12)
  A warg (Orc:2)
  2 acid dragons
  9 water moccasins
  2 sky beasts
  20 orc warriors
  3 ice beasts
  2 black bears
  16 centaurs
  26 ogres
  3 wolves (Lair:2)
  A phantom (D:5)
  9 bullfrogs
  8 kobold brigands
  4 scorpions
  A gnoll sergeant (D:10)
  22 wights
  A killer bee (D:8)
  4 electric eels (D:11)
  A howler monkey (D:6)
  2 bombardier beetles (D:5)
  4 hounds
  7 orc priests
  A gnoll bouda (D:6)
  A sleepcap (D:8)
  16 orc wizards
  3 iguanas
  8 gnolls
  2 adders
  A shadow imp (D:8)
  A white imp (D:8)
  2 ribbon worms
  A dart slug (D:5)
  59 orcs
  3 ball pythons
  10 endoplasms
  2 giant cockroaches
  7 goblins
  13 hobgoblins
  3 jackals (D:4)
  2 quokkas
  8 bats
  23 kobolds
  4 rats
413 creatures vanquished.

Vanquished Creatures (collateral kills)
  3 orcs (Orc:2)
3 creatures vanquished.

Grand Total: 416 creatures vanquished

Notes
Turn   | Place    | Note
-------+----------+-------------------------------------------
     0 | D:1      | Alphaeus the Troll Shapeshifter began the quest for the
                  | Orb.
     0 | D:1      | Reached XP level 1. HP: 18/18 MP: 0/0
    60 | D:1      | Found Hoajeme's Vocational Training.
   102 | D:1      | Reached skill level 1 in Fighting
   108 | D:1      | Reached XP level 2. HP: 27/27 MP: 1/1
   391 | D:1      | Found a faded altar of an unknown god.
   431 | D:1      | Prayed at the altar of an unknown god.
   431 | D:1      | Became a worshipper of Dithmenos the Shadowed
   431 | D:1      | Reached * piety under Dithmenos
   750 | D:2      | Reached XP level 3. HP: 33/33 MP: 2/2
   840 | D:2      | You fall into a shaft and drop 1 floor!
  1603 | D:3      | Reached ** piety under Dithmenos
  1606 | D:3      | Reached XP level 4. HP: 41/41 MP: 3/3
  2040 | D:4      | Noticed a scorpion
  2051 | D:4      | Killed a scorpion
  2052 | D:4      | Reached skill level 4 in Shapeshifting
  2052 | D:4      | Reached XP level 5. HP: 38/49 MP: 4/4
  2165 | D:4      | Identified the orb of Lust {mayhem, rC+ rN+ Will- Conj}
  2198 | D:4      | Found an ancient bone altar of Kikubaaqudgha.
  2243 | D:4      | Reached XP level 6. HP: 57/57 MP: 5/5
  2458 | D:5      | Entered Level 5 of the Dungeon
  2465 | D:5      | Reached skill level 5 in Unarmed Combat
  2508 | D:5      | Reached skill level 5 in Shapeshifting
  2585 | D:5      | Reached XP level 7. HP: 66/66 MP: 6/6
  2925 | D:5      | Reached skill level 6 in Shapeshifting
  2937 | D:5      | Noticed a shadow
  2937 | D:5      | Noticed a troll
  2954 | D:5      | Killed a troll
  2955 | D:5      | Reached XP level 8. HP: 38/75 MP: 1/7
  3537 | D:6      | Reached skill level 7 in Shapeshifting
  3596 | D:6      | Found a staircase to the Ecumenical Temple.
  3733 | D:6      | Reached *** piety under Dithmenos
  4134 | D:7      | Reached XP level 9. HP: 85/85 MP: 8/8
  4180 | D:7      | Found Qoqupied's Book Emporium.
  4353 | D:7      | Noticed a two-headed ogre
  4364 | D:7      | Killed a two-headed ogre
  4365 | D:7      | Reached skill level 8 in Shapeshifting
  4452 | D:7      | Noticed Prince Ribbit
  4464 | D:7      | Killed Prince Ribbit
  4465 | D:7      | Reached skill level 5 in Fighting
  5078 | D:8      | Reached skill level 9 in Shapeshifting
  5078 | D:8      | Reached XP level 10. HP: 53/96 MP: 3/9
  5218 | D:8      | Reached **** piety under Dithmenos
  5708 | D:8      | Reached skill level 10 in Unarmed Combat
  6271 | D:9      | Found a broken altar of Ashenzari.
  6276 | D:9      | Noticed a two-headed ogre
  6287 | D:9      | Killed a two-headed ogre
  6300 | D:9      | Found a flagged portal.
  6303 | D:9      | Reached skill level 1 in Stealth
  6323 | Bailey   | Entered a bailey
  6476 | Bailey   | Reached skill level 10 in Shapeshifting
  6520 | Bailey   | Found an iron altar of Okawaru.
  6609 | D:9      | Reached ***** piety under Dithmenos
  6700 | D:9      | Found a staircase to the Orcish Mines.
  6965 | D:10     | Entered Level 10 of the Dungeon
  7027 | D:10     | Reached XP level 11. HP: 88/105 MP: 7/10
  7116 | D:10     | Found a hazy altar of Hepliaklqana.
  7116 | D:10     | Found an iron altar of Okawaru.
  7483 | D:10     | Found a portal to a secret trove of treasure.
  7782 | D:11     | Found a sparkling altar of Nemelex Xobeh.
  8046 | D:11     | Found a staircase to the Lair.
  8091 | D:11     | Reached skill level 5 in Dodging
  8406 | D:11     | Noticed a boulder beetle
  8424 | D:11     | Killed a boulder beetle
  8489 | D:11     | Reached skill level 11 in Shapeshifting
  8973 | D:12     | Noticed a boulder beetle
  8981 | D:12     | Killed a boulder beetle
  9209 | D:12     | Noticed a two-headed ogre
  9216 | D:12     | Killed a two-headed ogre
 10034 | D:13     | Noticed an arcanist
 10044 | D:13     | Killed an arcanist
 10045 | D:13     | Reached XP level 12. HP: 109/118 MP: 9/11
 10074 | D:13     | Noticed a seven-headed hydra
 10085 | D:13     | Noticed a centaur warrior
 10312 | Lair:1   | Entered Level 1 of the Lair of Beasts
 10490 | Lair:1   | Reached skill level 12 in Shapeshifting
 10606 | Lair:1   | Noticed Maggie
 10616 | Lair:1   | Killed Maggie
 10861 | Lair:1   | You fall into a shaft and drop 1 floor!
 11026 | Lair:2   | Found a staircase to the Swamp.
 11170 | Lair:2   | Noticed a boulder beetle
 11179 | Lair:2   | Killed a boulder beetle
 11290 | Lair:2   | Reached ****** piety under Dithmenos
 11442 | Lair:2   | Noticed a death yak
 11603 | Lair:2   | Noticed a six-headed hydra
 11959 | Orc:1    | Entered Level 1 of the Orcish Mines
 12023 | Orc:1    | Found Urphuone's Weapon Emporium.
 12063 | Orc:1    | Found Ticac's Armour Shoppe.
 12073 | Orc:1    | Reached XP level 13. HP: 107/127 MP: 8/12
 12105 | Orc:1    | Bought a +1 kite shield of reflection for 148 gold pieces
 12144 | Orc:1    | Noticed Gastronok
 12145 | Orc:1    | Noticed Sonja
 12180 | Orc:1    | Killed Gastronok
 12199 | Orc:1    | Killed Sonja
 12379 | Orc:1    | Found Biemos's Jewellery Emporium.
 12383 | Orc:1    | Bought an amulet of reflection for 360 gold pieces
 12383 | Orc:1    | Bought the ring of Xom's Best Wishes {AC+4 Slay+2} for 616
                  | gold pieces
 12383 | Orc:1    | Bought a serpent talisman for 360 gold pieces
 12404 | Orc:1    | Identified a scroll of acquirement
 12404 | Orc:1    | Acquired 562 gold pieces
 12444 | Orc:1    | Found Catamiff's Jewellery Emporium.
 12577 | Orc:2    | Entered Level 2 of the Orcish Mines
 12577 | Orc:2    | Found a staircase to the Elven Halls.
 12593 | Orc:1    | Noticed Jorgrun
 12609 | Orc:1    | Killed Jorgrun
 12610 | Orc:1    | Reached skill level 13 in Shapeshifting
 13519 | Orc:2    | Noticed Saint Roka
 13680 | Orc:2    | Found Vugg's Antique Armour Emporium.
 13680 | Orc:2    | Found Xesarosm's General Store.
 13680 | Orc:2    | Found Lerutror's Book Boutique.
 13680 | Orc:2    | Found Koorik's Antique Weapon Emporium.
 13851 | Orc:2    | Killed Saint Roka
 13853 | Orc:2    | HP: 9/192 [orc warrior/+0 battleaxe[Saint Roka] (5)]
 13855 | Orc:2    | HP: 1/192 [warg[Saint Roka] (9)]
 13856 | Orc:2    | Mangled by a warg

Illustrated notes

Levels and vault maps discovered:
D:1:      minmay_arrival_open_corners, layout_loops_ring,
          hellmonk_ecumenical_altar_pennies_from_heaven, nicolae_shop_vocational
D:2:      layout_basic
D:3:      minmay_wonky_spiral, layout_basic, kennysheep_generic_room_5
D:4:      layout_basic, nicolae_kikubaaqudgha_miasma_corner
D:5:      kennysheep_big_flooded_room, layout_cave_pools,
          amcnicky_mini_pool_medium
D:6:      layout_loops_corners, minmay_temple_entry_arrows
D:7:      layout_loops_ring, serial_shops, nicolae_lakefront_shop,
          uniq_prince_ribbit1
D:8:      layout_layer_cave, minmay_circle_x
D:9:      layout_big_octagon, cheibrodos_ashenzari_chains, david_orc_1_choice,
          enter_bailey_1
D:10:     layout_long_grid, gammafunk_temple_overflow_wave, enter_trove_6
D:11:     layout_basic, lair_entry_dummy, minmay_stone_trees_small,
          nemelex_xobeh_ov_fountains_minmay
D:12:     layout_grid_maze
D:13:     layout_loops_cross, hangedman_vaults_entry_quadrant_bands,
          maelrawn_ghost_gauntlet_escape, uniq_josephine
Lair:1:   layout_concentric_octagons, uniq_maggie
Lair:2:   nzn_winding_woodlands_cross [nzn_winding_woodlands_5x15_sawtooth,
          nzn_winding_woodlands_5x15_crooked, nzn_winding_woodlands_5x15_twine,
          nzn_winding_woodlands_5x15_sidewinder,
          nzn_winding_woodlands_15x15_five_gardens], layout_chaotic_city,
          skrybe_swamp_entry_bodies
Orc:1:    layout_diamond_mine, serial_shops, shop, nicolae_shop_back_alley_shop,
          nicolae_shop_crystal, shop, basic_altar, minmay_orc_keep,
          uniq_jorgrun, uniq_sonja, uniq_gastronok
Orc:2:    st_orc_ogre_mass, layout_caves, regret_index_minedec_shroomtown_chain,
          regret_index_minedec_guest_junction, mines1_david, uniq_saint_roka

Skill      XL: |  1  2  3  4  5  6  7  8  9 10 11 12 13 |
---------------+----------------------------------------+-----
Fighting       | 1 2 3 4 5 6 7 8 |  8.7
Unarmed Combat | 4 5 6 8 9 10 | 10.0
Shapeshifting  | 4 5 6 7 9 10 11 12 13 | 13.8
Dodging        | 4 6 8 9 |  9.9
Stealth        | 1 3 4 |  4.8

Action                     |  1- 3 |  4- 6 |  7- 9 | 10-12 | 13-15 || total
---------------------------+-------+-------+-------+-------+-------++-------
  Melee: Unarmed           |    89 |    73 |   183 |   518 |   220 ||  1083
         Punch             |       |     3 |    12 |    29 |    17 ||    61
  Evoke: Wand              |       |       |       |     6 |       ||     6
    Use: Potion            |       |       |     3 |     9 |     3 ||    15
         Scroll            |       |       |       |    14 |    17 ||    31
   Stab: Sleeping          |     1 |       |       |    14 |     1 ||    16
         Invisible         |       |       |       |       |     4 ||     4
 Armour: Animal skin       |     9 |       |       |       |       ||     9
         Robe              |    26 |    46 |    83 |   336 |   110 ||   601
         Skin              |       |       |    24 |    25 |    97 ||   146
  Dodge: Dodged            |    36 |    37 |   129 |   425 |   113 ||   740
   Form: Blade             |       |       |       |     1 |     1 ||     2
         Serpent           |       |       |       |       |     1 ||     1
